AoeStats
← Turmoil Yeti

Arena

506975757Analyzed
1v1 RM · 15d ago on Sep 16, 2026· 56m 20s· 2 players
Game mode
Random Map
Map size
Tiny (2 player)
Population
200
Speed
Normal
Resources
Standard
Victory
Conquest
Starting age
Dark Age
Ending age
Imperial Age
RankedLock teamsTeams togetherTeam positionsShared explorationLock speedFull tech treeHidden civsTurbo modeCheats
Victory
Defeat
🇺🇸 Armenians · United States
583
+21
🇪🇸 Bohemians · Spain
690
-21
Turmoil Yeti
11:19 Feudal Age
13:28 Double-Bit Axe
13:43 Horse Collar
17:04 Wheelbarrow
21:09 Castle Age
20:46 Pikeman
21:57 Heavy Plow
22:10 Bow Saw
23:42 Scale Mail Armor
23:53 Forging
26:11 Hand Cart
27:20 Chain Mail Armor
28:31 Iron Casting
27:30 Elite Skirmisher
33:23 Fletching
33:34 Padded Archer Armor
34:14 Ballistics
34:28 Stone Mining
34:31 Gold Mining
37:18 Imperial Age
34:49 Loom
35:30 Masonry
36:15 Town Watch
37:33 Fervor
37:44 Sanctity
37:36 Herbal Medicine
38:11 Fereters
38:28 Conscription
39:36 Bodkin Arrow
39:57 Leather Archer Armor
40:53 Gold Shaft Mining
40:01 Elite Composite Bowman
43:06 Bracer
43:37 Ring Archer Armor
44:09 Blast Furnace
43:40 Plate Mail Armor
44:19 Chemistry
43:16 Murder Holes
45:24 Hoardings
44:58 Town Patrol
44:50 Arson
45:07 Squires
44:30 Man-at-Arms
44:55 Gambesons
55:49 Long Swordsman
Rankstrail
12:20 Feudal Age
12:47 Double-Bit Axe
12:45 Horse Collar
17:37 Loom
19:55 Castle Age
17:42 Loom
19:21 Wheelbarrow
20:37 Scale Mail Armor
20:38 Padded Archer Armor
20:29 Fletching
20:50 Forging
24:08 Pikeman
24:49 Squires
28:24 Bow Saw
29:20 Chemistry
29:24 Hand Cart
28:54 Town Watch
31:24 Chain Mail Armor
31:25 Leather Archer Armor
38:29 Imperial Age
37:05 Iron Casting
38:14 Fortified Wall
38:25 Ballistics
40:06 Wagenburg Tactics
40:06 Hussite Reforms
40:22 Conscription
40:54 Ring Archer Armor
40:22 Bodkin Arrow
40:57 Plate Mail Armor
41:28 Blast Furnace
39:53 Halberdier
44:51 Fervor
44:53 Redemption
44:50 Atonement
44:53 Devotion
45:15 Sanctity
45:22 Illumination
45:12 Block Printing
45:33 Elite Hussite Wagon
46:52 Houfnice
54:35 Bracer
Connection lost

Rejoining the realm…

Still unreachable

The connection could not be restored.

Session expired

The server has moved on; the page needs a fresh start.